Cogmind - Beta 13 @@@ ROGUE MODE // 2024.04.02 @ 22:06:15 Player: cooly1234 Result: Destroyed by D-53 Grenadier with Mini Grenade Launcher Performance ------------- Evolutions (0) 0 Regions Visited (2) 400 Robots Destroyed (9) 45 Value Destroyed (283) 283 Prototype IDs (2) 40 Alien Tech Used (0) 0 Bonus (0) 0 TOTAL SCORE: 768 Bonus ------- None Cogmind --------- Core Integrity 0/250 Matter 290/300 Energy 84/100 System Corruption 0% Temperature Cool (0) Movement Core (400) Ox7 Location -10/Mines Parts ------- > --- POWER (1) -------- (None) > --- PROPULSION (2) --- (None) > --- UTILITY (2) ------ Improved Heat Sink Large Storage Unit > --- WEAPON (2) ------- Small Laser > --- INVENTORY (15) --- Aluminum Leg Aluminum Leg Heat Sink Heat Sink Large Storage Unit Peak State ------------ > --- POWER ------------ Light Ion Engine > --- PROPULSION ------- Aluminum Leg Aluminum Leg > --- UTILITY ---------- Improved Heat Sink Large Storage Unit > --- WEAPON ----------- Medium Laser Light Assault Rifle > --- INVENTORY -------- Heat Sink Heat Sink Large Storage Unit Small Laser [Rating: 9] Favorites ----------- Power Light Ion Engine Engine Light Ion Engine Propulsion Wheel Leg Aluminum Leg Wheel Wheel Utility Large Storage Unit Device Improved Heat Sink Storage Large Storage Unit Weapon Medium Laser Energy Gun Medium Laser Ballistic Gun Light Assault Rifle Build | -11 -10 -10 ------- Run | Yrd Mat Min Slots Evolved . | . . . Power . | . . . Propulsion . | . . . Utility . | . . . Weapon . | . . . Parts Attached 13 | 5 7 1 Power 1 | 1 . . Engine 1 | 1 . . Core . | . . . Reactor . | . . . Propulsion 4 | 2 2 . Treads . | . . . Leg 2 | . 2 . Wheel 2 | 2 . . Hover . | . . . Flight . | . . . Utility 4 | . 4 . Device 2 | . 2 . Storage 2 | . 2 . Processor . | . . . Hackware . | . . . Protection . | . . . Artifact . | . . . Weapon 4 | 2 1 1 Energy Gun 3 | 2 . 1 Energy Cannon . | . . . Ballistic Gun 1 | . 1 . Ballistic Cannon . | . . . Launcher . | . . . Special Weapon . | . . . Impact Weapon . | . . . Slashing Weapon . | . . . Piercing Weapon . | . . . Special Melee Weapon . | . . . Unidentified Prototypes . | . . . Parts Lost 8 | . 3 5 Power 1 | . . 1 Propulsion 4 | . 2 2 Utility . | . . . Weapon 3 | . 1 2 Highest Loss Streak 5 | . 2 5 To Critical Strikes . | . . . Average Slot Usage (%) 88 | . 86 94 Engine 13 | . 14 12 Leg 13 | . 8 25 Wheel 11 | . 16 . Device 8 | . 6 14 Storage 12 | . 11 14 Energy Gun 18 | . 21 12 Ballistic Gun 8 | . 6 14 Naked Turns . | . . . Heaviest Build 27 | 7 27 27 Greatest Support 20 | 20 20 20 Greatest Overweight (x) 2 | . 2 2 Average Overweight (x) . | . . 1 Largest Inventory Capacity 15 | 5 15 15 Average Capacity 12 | 5 13 15 Most Carried 6 | 5 6 6 Average Carried 4 | 2 4 5 Final Capacity 15 | 5 15 15 Final Carried 6 | 4 6 5 Class Distribution -------------------- 100% | Mutant Dominant Class ---------------- Mutant | -10/Materials Mutant | -10/Mines Resources | -11 -10 -10 ----------- Run | Yrd Mat Min Matter Collected 322 | 250 72 . Remotely . | . . . Salvage Created 374 | 36 338 . Parts 20 | 3 17 . Haulers Intercepted . | . . . Recyclers Shooed 1 | . 1 . Parts Field Recycled . | . . . Retrieved Matter . | . . . Parts Self-Destructed . | . . . Prevented . | . . . Kills | -11 -10 -10 ------- Run | Yrd Mat Min Combat Hostiles Destroyed 7 | 1 6 . Guns 7 | 1 6 . Classes Destroyed 3 | 1 2 . Recycler 1 | . 1 . Watcher 1 | . 1 . Grunt 7 | 1 6 . Best Kill Streak 7 | 1 7 . Combat Bots Only 6 | 1 6 . Max Kills in Single Turn 1 | 1 1 . Gunslinging . | . . . Exploded . | . . . Melee . | . . . Uniques/NPCs Destroyed . | . . . Combat | -11 -10 -10 -------- Run | Yrd Mat Min Hostile Shots Fired 65 | 3 50 12 Missed 12 | . 12 . Damage Taken 873 | 33 393 447 Core 256 | 11 64 181 Absorbed by Shields . | . . . Core Remaining (%) 95 | 95 . . Volleys Fired 32 | 3 25 4 Largest 2 | 2 2 2 Hottest 90 | 90 90 70 Shots Fired 62 | 6 50 6 Gun 62 | 6 50 6 Cannon . | . . . Launcher . | . . . Special . | . . . Kinetic 18 | . 14 4 Thermal 30 | 3 25 2 Explosive . | . . . Electromagnetic 14 | 3 11 . Robot Hit Streak 5 | 4 5 1 Robot Miss Streak 6 | 1 6 5 Penetration Max . | . . . Secondary Targets 1 | . 1 . Max Gunslinging Chain 1 | . 1 . Shots Hit Robots 30 | 4 24 2 Core Hits 20 | 2 16 2 Critical Kills . | . . . Critical Parts Destroyed . | . . . Critical Strikes 2 | . 2 . Burn 1 | . 1 . Corrupt 1 | . 1 . Melee Attacks . | . . . Impact . | . . . Slashing . | . . . Piercing . | . . . Sneak Attacks . | . . . Combat Hostiles . | . . . Follow-up Attacks . | . . . Damage Inflicted 361 | 51 294 16 Guns 361 | 51 294 16 Cannons . | . . . Explosions . | . . . Melee . | . . . Ramming . | . . . Kinetic 75 | . 59 16 Thermal 210 | 25 185 . Explosive . | . . . Electromagnetic 76 | 26 50 . Impact . | . . . Slashing . | . . . Piercing . | . . . Highest Corruption . | . . . Average Corruption . | . . . Corruption Purged . | . . . Corruption Blocked . | . . . Overload Shots . | . . . Overflow Damage . | . . . Projectiles . | . . . Explosions . | . . . Melee . | . . . Knockbacks . | . . . Impact . | . . . Kinetic . | . . . Secondary . | . . . Self-Inflicted Damage . | . . . Shots . | . . . Rammed . | . . . Targets Rammed . | . . . Kicked . | . . . Crushed . | . . . Highest Temperature 204 | 108 204 2 Average Temperature 79 | 61 86 1 Received Heat Transfer 168 | 18 150 . Siege Activations . | . . . Robots Corrupted . | . . . Combat Hostiles . | . . . Parts Fried . | . . . Impact Corruptions . | . . . Robots Melted . | . . . Combat Hostiles . | . . . Parts Melted . | . . . Heat Transferred 703 | 74 629 . Parts Sabotaged . | . . . Parts Stolen . | . . . Parts Stripped . | . . . Power Chain Reactions . | . . . Alert | -11 -10 -10 ------- Run | Yrd Mat Min Peak Influence 162 | 20 162 63 Initial 63 | . 13 63 Average 59 | 2 75 60 Maximum Alert Level . | . . . Low Security (%) 100 | 100 100 100 Level 1 . | . . . Level 2 . | . . . Level 3 . | . . . Level 4 . | . . . Level 5 . | . . . High Security . | . . . Max Security . | . . . Squads Dispatched 2 | . 2 . Investigation 2 | . 2 . Extermination . | . . . Reinforcement . | . . . Assault . | . . . Garrison . | . . . Intercept . | . . . Searches Triggered . | . . . Construction Impeded . | . . . Haulers Reinforced . | . . . Active Scanning Responses . | . . . Cargo Convoy Interrupts . | . . . Stealth | -11 -10 -10 --------- Run | Yrd Mat Min Distress Signals 1 | . 1 . Communications Jammed . | . . . Distress Signals . | . . . Times Spotted 16 | 1 13 2 Peak Tracking Total 5 | 1 5 2 Tactical Retreats 1 | . 1 . Traps | -11 -10 -10 ------- Run | Yrd Mat Min Traps Triggered . | . . . Indirectly . | . . . Trap Hack Attempts . | . . . Triggered . | . . . Disarmed . | . . . Reprogrammed . | . . . Reused . | . . . Traps Extracted . | . . . Installed . | . . . Triggered . | . . . Machines | -11 -10 -10 ---------- Run | Yrd Mat Min Machines Disabled 1 | . 1 . Max in Single Turn 1 | . 1 . Machines Repaired . | . . . Machines Dismantled . | . . . Machines Sabotaged . | . . . Overloaded Fab Kills . | . . . Hacking | -11 -10 -10 --------- Run | Yrd Mat Min Machines Accessed 2 | . 2 . Terminals 2 | . 2 . Fabricators . | . . . Repair Stations . | . . . Recycling Units . | . . . Scanalyzers . | . . . Garrison Access . | . . . Total Hacks 7 | . 7 . Successful 4 | . 4 . Failed 3 | . 3 . Catastrophic . | . . . Database Lockouts . | . . . Manual . | . . . Terminals 7 | . 7 . Fabricators . | . . . Repair Stations . | . . . Recycling Units . | . . . Scanalyzers . | . . . Garrison Access . | . . . Terminal Hacks 4 | . 4 . Record 2 | . 2 . Prototype ID Bank 1 | . 1 . Unreport Threat 1 | . 1 . Fabricator Hacks . | . . . Repair Station Hacks . | . . . Recycling Unit Hacks . | . . . Scanalyzer . | . . . Garrison Access Hacks . | . . . Unauthorized Hacks . | . . . Terminals . | . . . Fabricators . | . . . Repair Stations . | . . . Recycling Units . | . . . Scanalyzers . | . . . Garrison Access . | . . . Data Cores Recovered . | . . . Used . | . . . Hacking Detections 2 | . 2 . Full Trace Events 2 | . 2 . Feedback Events . | . . . Feedback Blocked . | . . . Robot Schematics Acquired . | . . . Robots Built . | . . . Authchips . | . . . Time . | . . . Total Robot Build Rating . | . . . Part Schematics Acquired . | . . . Parts Built . | . . . Authchips . | . . . Time . | . . . Total Part Build Rating . | . . . Parts Repaired . | . . . Time . | . . . Parts Recycled . | . . . Recycled Matter . | . . . Retrieved Matter . | . . . Retrieved Components . | . . . Parts Scanalyzed . | . . . Part Schematics Acquired . | . . . Parts Damaged . | . . . Bothacking | -11 -10 -10 ------------ Run | Yrd Mat Min Used RIF Installer . | . . . Robots Hacked . | . . . Non-combat . | . . . Combat . | . . . Robot Hacks Applied . | . . . Relay Couplers Released . | . . . Fabnet Peak Effective % . | . . . Robots Rewired . | . . . Allies Hacked . | . . . Hacks Repelled . | . . . Allies | -11 -10 -10 -------- Run | Yrd Mat Min Total Allies . | . . . Largest Group . | . . . Highest-Rated Group . | . . . Highest-Rated Ally . | . . . Total Orders . | . . . Ally Attacks . | . . . Total Damage . | . . . Kills . | . . . Allies Corrupted . | . . . Allies Melted . | . . . Intel | -11 -10 -10 ------- Run | Yrd Mat Min Robot Analysis Total . | . . . Derelict Logs Recovered . | . . . Drone Launches . | . . . Drone Recoveries . | . . . Exploration | -11 -10 -10 ------------- Run | Yrd Mat Min Turns Passed 401 | 68 235 98 Spaces Moved 237 | 62 132 43 Core 16 | 16 . . Treads . | . . . Legs 73 | . 30 43 Wheels 148 | 46 102 . Hover . | . . . Flight . | . . . Fastest Speed 50 | 50 80 190 Average Speed 116 | 72 113 191 Slowest Speed 260 | 80 190 260 Overloaded Moves . | . . . Propulsion Burnouts . | . . . Robots Hopped . | . . . Cave-ins Triggered . | . . . Exploration Rate (%) 15 | 6 23 18 Regions Visited 2 Branch Regions 1 Pre-discovered Areas . | . . . Known Exits Taken . | . . . Unknown Exits Taken 2 | 1 1 . Scrap Searched . | . . . Spaces Dug . | . . . Terrain Destroyed . | . . . Melee . | . . . Projectile . | . . . AOE . | . . . Terrain Rammed . | . . . Walls Destroyed . | . . . Machines Disabled . | . . . Actions | -11 -10 -10 --------- Run | Yrd Mat Min Total 302 | 78 171 53 Wait 5 | . . 5 Move 235 | 61 131 43 Hop . | . . . Pick Up 16 | 9 7 . Fast Attach . | . . . Attach 12 | 5 6 1 Detach 1 | . 1 . Swap 1 | . 1 . Drop . | . . . Fire 32 | 3 25 4 Melee . | . . . Ram . | . . . Kick . | . . . Crush . | . . . Escape Stasis . | . . . Rewire . | . . . Trap . | . . . Miscellaneous . | . . . Route ------- -11/Scrapyard -10/Materials -10/Mines History --------- Turn | Location | Event 2 | -11/Scrapyard | Met Revision 17 50 | -11/Scrapyard | Discovered new exit (range 8) 69 | -11/Scrapyard | Entered Materials 279 | -10/Materials | Discovered new exit (range 10) 304 | -10/Materials | Entered Mines 312 | -10/Mines | Build established: Mutant 332 | -10/Mines | Met a Derelict bent on vengeance 333 | -10/Mines | Assembled infested the area 397 | -10/Mines | Core integrity fell below 50% 400 | -10/Mines | Core integrity fell below 20% 402 | -10/Mines | Destroyed by D-53 Grenadier with Mini Grenade Launcher Last Messages --------------- 00257_ Acquired Aluminum Leg. 00259_ K-01 Serf collects debris. 00259_ Acquired Aluminum Leg. 00274_ K-01 Serf collects debris. 00279_ EXIT=FOUND 00280_ K-01 Serf collects debris. LOCATION=UNKNOWN GOAL=ESCAPE Something is scanning the area. 00333_ ALERT: Infestation in the mines, dispatching Demolisher response squad. 00350_ as-79902 powers down. 00389_ C-30 ARC bursts open, deploying its payload. 00389_ D-53 Grenadier unfolds itself. 00390_ Matter Pump disabled. 00394_ Lgt. Ion Engine destroyed. 00394_ Med. Laser destroyed. 00394_ Aluminum Leg destroyed. 00401_ Lgt. Assault Rifle destroyed. Map ----- +----------------------------------------------------+ | | | | | | | | | | | | | | | | | | | | | | | | | | | | | | | | | | | | | | | ?????????????????????????????????????????? | | ??????????????????????#######????????????? | | ??????????????????##### ##???????????? | | ?????????????????## ##??????????? | | ?????????????????# ##?????????? | | ?????????????????# " #?????????? | | ??????????????????# @ #?????????? | | ??????????????????## #?????????? | | ???????????????????## ##?????????? | | ????????????????????## #?????????? | | ?????????????????????## ##?????????? | | ?????????????????????## ##??????????? | | ??????????????######## ####???????????? | | ?????????????## ##??????????????? | | ???????????### #???????????????? | | ###???????## dd #???????????????? | | # ##?????# ##???????????????? | | ##???## ### ##????????????????? | | #??## #??## % ##????????????????? | | #??# ##??## #????????????????? | | ##??# ###?# ##???????????????? | | ## #????# ### #???????????????? | | ?# #??????# ## ##??????????????? | | ?# #??????# ##?????????????? | | ?# ######## #?????????????? | | ?# #?????????????? | | ?# ### ????????? | | ?########## ##?### ##### ???????? | | ??????????## ##?????# ##?????????????? | | ???????????#####???????####??????????????? | | ?????????????????????????????????????????? | +----------------------------------------------------+ Best States ------------- Heat Dissipation 39 Energy Generation 10 Energy Capacity 125 Matter Stores 300 Matter Capacity 300 Sight Range 16 Terrain Scan Density 10 Evasion (%) 50 Item Schematics ----------------- None Robot Schematics ------------------ None Fabricated ------------ Nothing Alien Tech Used ----------------- None Achievements -------------- Everything Is Under Control Challenges ------------ None Game ------ Seed TeslaBackupCloak Manual? 0 Play Time 00:17:14 Cumulative 4.0 hours Start 2024.04.02 @ 21:41:33 End 2024.04.02 @ 22:06:15 Sessions 1 Manual Loads 0 Difficulty Rogue Special Mode None Game No. 2 Rogue 2 Adventurer 0 Explorer 0 Win Type - Total 0 Types 0/0/0/0/0/0/0/0/0 Lore% 1 Gallery% 5 Achievement% 7 Wizard Run 0 Options --------- Layout 1 ASCII 0 Keyboard 0 Movement Mouse Keybinds 0 Fullscreen 1 Font 24/Smallcaps Map View 50x35 Zoom Use 0% Tactical HUD 1 Map Filters NONE Filters NONE Steam 1 RUN: 8c6fdfe6-a7d7-45dd-a631-d542914d253c